 Dungeon Crawl Stone Soup version 0.30-a0-618-gd6c86c23d0 (webtiles) character file.

Game seed: 1213015913738876336

1647 Newt the Trooper (level 8, -2/64 HPs)
             Began as a Demonspawn Gladiator on Jan 9, 2023.
             Was an Initiate of Gozag.
             Slain by an adder (3 damage)
             ... on level 6 of the Dungeon.
             The game lasted 00:06:44 (5324 turns).

Newt the Trooper (Demonspawn Gladiator)             Turns: 5324, Time: 00:06:44

Health: -2/64      AC: 12    Str: 17    XL:     8   Next: 67%
Magic:  8/8        EV: 12    Int:  9    God:    Gozag
Gold:   176        SH:  0    Dex: 15    Spells: 7/7 levels left

rFire   . . .      SeeInvis +    k - +2 great sword (heavy)
rCold   . . .      Faith    .    (shield currently unavailable)
rNeg    . . .      Spirit   .    b - +0 leather armour
rPois   .          Reflect  .    c - +0 helmet
rElec   .          Harm     .    p - +1 cloak
rCorr   .          Rampage  .    (no gloves)
Will    .....                    l - +2 pair of boots
Stlth   ++                       (no amulet)
HPRegen 0.30/turn                w - ring of see invisible
MPRegen 0.11/turn                (no ring)

@: no status effects
A: hooves 2, slimy green scales 2, demonic guardian 1
a: Renounce Religion, Potion Petition, Call Merchant, Bribe Branch


You were on level 6 of the Dungeon.
You worshipped Gozag.
Gozag was aware of your devotion.
You visited 2 branches of the dungeon, and saw 7 of its levels.
You also visited: Sewer.

You collected 259 gold pieces.
You spent 25 gold pieces at shops.
You paid 58 gold pieces to Gozag.

Inventory:

Hand Weapons
 a - a +1 rapier
 k - a +2 heavy great sword (weapon)
 H - a +4 falchion
Missiles
 d - 3 throwing nets
 e - a javelin
 f - 10 boomerangs
 g - 69 stones (quivered)
 u - 35 poisoned darts
 x - 3 silver boomerangs
Armour
 b - a +0 leather armour (worn)
 c - a +0 helmet (worn)
 l - a +2 pair of boots (worn)
 p - a +1 cloak (worn)
Jewellery
 w - a ring of see invisible (left hand)
 y - an amulet of the acrobat
Wands
 s - a wand of flame (45)
 B - a wand of acid (8)
 I - a wand of iceblast (6)
Scrolls
 h - 6 scrolls of vulnerability
 n - 3 scrolls of teleportation
 q - 3 scrolls of immolation
 t - a scroll of amnesia
 v - 2 scrolls of magic mapping
 F - a scroll of enchant armour
 G - a scroll of silence
Potions
 i - a potion of ambrosia
 j - 2 potions of flight {unknown}
 m - 3 potions of might
 o - 2 potions of brilliance {unknown}
 r - 2 potions of magic
 z - a potion of degeneration {unknown}
 A - a potion of haste {unknown}
 C - 2 potions of resistance {unknown}
 D - a potion of mutation {unknown}
 E - 3 potions of curing


   Skills:
 - Level 6.0 Fighting
 - Level 2.6(4.5) Short Blades
 - Level 5.6(6.0) Long Blades
 - Level 4.0 Throwing
 - Level 3.0 Armour
 - Level 2.6 Dodging
 - Level 2.0 Stealth
 + Level 3.6 Evocations


You had 7 spell levels left.
You didn't know any spells.
Your spell library contained the following spells:

 Spells                   Type           Power      Damage    Failure   Level
 Ensorcelled Hibernation  Hex/Ice        0%         N/A       58%         2
 Call Canine Familiar     Summ           0%         N/A       82%         3
 Portal Projectile        Hex/Tloc       0%         N/A       82%         3
 Spider Form              Tmut/Pois      0%         N/A       82%         3
 Anguish                  Hex/Necr       0%         N/A       99%         4
 Leda's Liquefaction      Hex/Erth       0%         N/A       99%         4


Dungeon Overview and Level Annotations

Branches:
Dungeon (6/15)             Temple (1/1) D:5           Sewer (visited)

Altars:
Ashenzari
Dithmenos
Fedhas
Gozag
Hepliaklqana
Makhleb
Nemelex Xobeh
Okawaru
Ru
Uskayaw
Vehumet
Wu Jian
Xom

Shops:
D:2 *   D:5 [


Innate Abilities, Weirdness & Mutations

You have hoof-like feet.
You are mostly covered in slimy green scales. (AC +3)
A weak demonic guardian rushes to your aid.


Message History

The orc shouts!
Items here: $ ( ) [.
You barely miss the orc.
You hear a bark!
You hear an angry hiss.
The centaur shoots an arrow.
The arrow hits you.
A hound comes into view.
The orc hits you but does no damage.
The hound is distracted by your dazzling golden aura.
The orc barely misses you.
The centaur shoots an arrow.
The arrow hits you.
The hound barks!
You carve the orc like a ham!!!
You kill the orc!
The orc is no longer distracted by gold.
The centaur shoots an arrow.
The arrow closely misses you. The orc barely misses you.
The centaur shoots an arrow.
The arrow hits you. The orc closely misses you.
The centaur shoots an arrow.
The arrow closely misses you.
The centaur shoots an arrow.
The arrow hits you! The orc hits you but does no damage.
The centaur shoots an arrow.
The arrow hits you.
You closely miss the adder. The adder bites you but does no damage.
The orc hits you but does no damage.
The centaur shoots an arrow.
The arrow hits you but does no damage. The adder bites you but does no damage.
The orc barely misses you.
The centaur shoots an arrow.
The arrow hits you!
* * * LOW HITPOINT WARNING * * *
A demonic guardian appears!
The adder bites you but does no damage. The orc closely misses you.
You closely miss the adder.
The centaur shoots an arrow.
The arrow hits you but does no damage.
The adder bites you but does no damage. x2
The orc hits you but does no damage.
The centaur shoots an arrow.
The arrow hits you.
* * * LOW HITPOINT WARNING * * *
Your iron imp closely misses the adder.
The adder closely misses you.
The orc hits you from afar with a +0 trident!
* * * LOW HITPOINT WARNING * * *
It was a potion of magic.
Magic courses through your body.
The centaur shoots an arrow.
The arrow hits you but does no damage.
Your iron imp barely misses the adder.
The adder bites you.
You die...
Your body crumbles into a pile of gold.

#......# ..#.........#
#......# #!#.........#
#......# #.#.........#
#......## #.#.........#
#.......# #..#...hc..#
.....##.####.##......#
......#.......#......#...
.<....######...S#$o....#
......## #..5.@#$..###
......)# #.......#.#
.......# #..###...#..#
.............# ###......
.......#..##.# .##..##
.......#.###.# .. ..
.........# #.# .## .
........# #.. .........
##.


You could see a centaur, a hound, an adder (ally target), an orc and a friendly
iron imp (summoned).

Vanquished Creatures
  Grinder (Sewer)
  Sigmund (D:2)
  A black bear (D:6)
  An ogre (D:5)
  A phantom (D:5)
  2 kobold brigands (Sewer)
  A bullfrog (D:4)
  A necrophage (D:5)
  A scorpion (D:5)
  A howler monkey (D:5)
  A quasit (Sewer)
  2 hounds
  A jelly (D:5)
  2 orc priests (D:4)
  2 iguanas
  Jessica (D:3)
  Ijyb (D:3)
  Natasha (D:2)
  2 orc wizards (D:5)
  Robin (D:2)
  9 adders
  2 river rats (D:5)
  3 shadow imps (Sewer)
  A white imp (D:5)
  5 ufetubi
  A worm (D:5)
  3 dart slugs
  23 orcs
  8 ball pythons
  5 endoplasms
  7 giant cockroaches
  10 goblins
  13 hobgoblins
  6 quokkas
  4 bats (D:3)
  A frilled lizard (D:1)
  23 kobolds
  4 rats
153 creatures vanquished.

Vanquished Creatures (others)
  An adder zombie (Sewer)
  A kobold zombie (Sewer)
2 creatures vanquished.

Grand Total: 155 creatures vanquished

Notes
Turn   | Place    | Note
-------+----------+-------------------------------------------
     0 | D:1      | Newt the Demonspawn Gladiator began the quest for the Orb.
     0 | D:1      | Reached XP level 1. HP: 16/16 MP: 1/1
   111 | D:1      | Reached skill level 1 in Stealth
   174 | D:1      | Gained mutation: You are partially covered in slimy green
                  | scales. (AC +2) [demonic ancestry]
   174 | D:1      | Reached XP level 2. HP: 18/22 MP: 2/2
   637 | D:2      | Gained mutation: You are mostly covered in slimy green
                  | scales. (AC +3) [demonic ancestry]
   637 | D:2      | Reached XP level 3. HP: 26/27 MP: 3/3
   824 | D:2      | Noticed Natasha
   832 | D:2      | Killed Natasha
   833 | D:2      | Reached XP level 4. HP: 23/33 MP: 4/4
  1101 | D:2      | Noticed Robin
  1106 | D:2      | Killed Robin
  1116 | D:2      | Found Doiruwut's Assorted Antiques.
  1125 | D:2      | Bought a scroll labelled XETHEITITO for 25 gold pieces
  1143 | D:2      | Noticed Sigmund
  1155 | D:2      | Killed Sigmund
  1156 | D:2      | Gained mutation: A weak demonic guardian rushes to your
                  | aid. [demonic ancestry]
  1156 | D:2      | Reached XP level 5. HP: 37/38 MP: 5/5
  1484 | D:3      | Gained mutation: You have large cloven feet. [demonic
                  | ancestry]
  1484 | D:3      | Reached XP level 6. HP: 35/44 MP: 6/6
  1969 | D:3      | Noticed Ijyb
  1975 | D:3      | Killed Ijyb
  2291 | D:3      | Noticed Jessica
  2300 | D:3      | Killed Jessica
  2301 | D:3      | Reached skill level 3 in Fighting
  2475 | D:4      | Reached skill level 4 in Fighting
  2729 | D:4      | Found a sparkling altar of Nemelex Xobeh.
  2741 | D:4      | Reached skill level 1 in Armour
  2908 | D:4      | Reached XP level 7. HP: 36/54 MP: 7/7
  3666 | D:5      | Entered Level 5 of the Dungeon
  3671 | D:5      | Found a staircase to the Ecumenical Temple.
  3759 | D:5      | Found a glowing drain.
  3766 | Sewer    | Entered a sewer
  3949 | Sewer    | Found a burning altar of Makhleb.
  3957 | Sewer    | Noticed Grinder
  4009 | Sewer    | Killed Grinder
  4010 | Sewer    | Reached skill level 5 in Long Blades
  4010 | Sewer    | Gained mutation: You have hoof-like feet. [demonic
                  | ancestry]
  4010 | Sewer    | Reached XP level 8. HP: 39/60 MP: 8/8
  4415 | D:5      | Reached skill level 5 in Fighting
  4452 | D:5      | Reached skill level 6 in Fighting
  4455 | D:5      | Reached skill level 1 in Evocations
  4488 | D:5      | Found Vuuvet's Armour Boutique.
  4789 | D:5      | Found an iron altar of Okawaru.
  4820 | Temple   | Entered the Ecumenical Temple
  4998 | Temple   | Became a worshipper of Gozag Ym Sagoz the Greedy
  5134 | D:5      | Found a hide-covered altar of Uskayaw.
  5135 | D:5      | Found a shimmering altar of Xom.
  5323 | D:6      | HP: 1/64 [orc/+0 trident (7)]
  5324 | D:6      | Slain by an adder

Illustrated notes

Levels and vault maps discovered:
D:1:      dpeg_arrival_radiant, layout_rooms, chequers_hall_statues_corner_a
D:2:      layout_loops_cross, serial_shops, nicolae_shop_behind_doors,
          uniq_natasha, uniq_sigmund, uniq_robin
D:3:      layout_loops_ring, uniq_jessica, uniq_ijyb
D:4:      layout_cave_pods, mainiacjoe_overflow_tiny_flanked, grunt_ministairs_4
D:5:      layout_loops_cross, gammafunk_temple_overflow_pools,
          nicolae_tso_carved_into_rock, okawaru_metal_pillars_1_2,
          minmay_temple_entry_statues_fountains, serial_shops,
          nicolae_stop_n_shop_2, gup_sewer_entry_spiral, glass_columns_a
D:6:      layout_rooms, nicolae_qazlal_general_emergency
Temple:   chequers_temple_sunken

Skill      XL: |  1  2  3  4  5  6  7  8 |
---------------+-------------------------+-----
Stealth        | 1 2 |  2.0
Throwing       | 2 3 4 |  4.0
Long Blades    | 3 5 |  5.6
Fighting       | 4 6 |  6.0
Armour         | 1 3 |  3.0
Evocations     | 3 |  3.6
Short Blades   | |  2.6
Dodging        | |  2.6

Action                   |  1- 3 |  4- 6 |  7- 9 || total
-------------------------+-------+-------+-------++-------
Melee: Rapier            |    54 |       |       ||    54
       Great sword       |    29 |   134 |   157 ||   320
Throw: Stone             |     5 |     4 |     1 ||    10
       Throwing net      |       |       |     1 ||     1
  Use: Scroll            |     4 |     5 |     3 ||    12
       Potion            |       |     1 |     4 ||     5
 Stab: Sleeping          |     2 |       |     3 ||     5
Armor: Leather armour    |    48 |   146 |   252 ||   446
Dodge: Dodged            |    78 |   186 |   297 ||   561

Table legend: (Time is in decaauts)
 A = Elapsed time spent in this place.
 B = Non-inter-level travel time spent in this place.
 C = Inter-level travel time spent in this place.
 D = Time resting spent in this place.
 E = Time spent auto-exploring this place.
 F = Levels seen in this place.
 G = Mean time per level.
                   A        B        C        D        E       F      G
               +--------+--------+--------+--------+--------+-----+--------+
         Total |   5817 |   5652 |    165 |    766 |   3464 |   8 |  727.1 |
       Dungeon |   4933 |   4788 |    145 |    685 |   2958 |   6 |  822.2 |
        Temple |    253 |    233 |     20 |      0 |    211 |   1 |  253.0 |
         Sewer |    631 |    631 |      0 |     81 |    295 |   1 |  631.0 |
               +--------+--------+--------+--------+--------+-----+--------+

Top non-repeatable levels by time:
     D:4: 1374 daAuts
     D:5: 968 daAuts
     D:3: 952 daAuts
     D:2: 951 daAuts
   Sewer: 631 daAuts
     D:1: 616 daAuts
  Temple: 253 daAuts
     D:6: 69 daAuts
